 Dungeon Crawl Stone Soup version 0.27-a0-1051-g288ea87c7c (webtiles) character file.

Game seed: 4329644180179559151

55 rageheart7 the Slasher (level 3, -2/30 HPs)
             Began as a Barachi Gladiator on Apr 21, 2021.
             Slain by an adder (3 damage)
             ... on level 3 of the Dungeon.
             The game lasted 00:02:17 (1557 turns).

rageheart7 the Slasher (Barachi Gladiator)          Turns: 1557, Time: 00:02:18

Health: -2/30      AC:  6    Str: 20 (22) XL:     3   Next: 93%
Magic:  3/3        EV: 11    Int:  7 (8)  God:
Gold:   81         SH:  0    Dex: 10 (13) Spells: 2/2 levels left

rFire    . . .     SeeInvis .   i - +2 mace (holy)
rCold    . . .     Faith    .   (no shield)
rNeg     . . .     Spirit   .   g - +0 ring mail
rPois    .         Reflect  .   c - +0 helmet
rElec    .         Harm     .   (no cloak)
rCorr    .         Rampage  .   (no gloves)
Will     .....                  (no boots)
Stlth    ..........             (no amulet)
HPRegen  0.10/turn              m - +6 ring of strength
MPRegen  0.08/turn              (no ring)

@: mighty, hasted, quick
A: +LOS, amphibious, slowness 1, strong legs 1
a: Hop


You were on level 3 of the Dungeon.
You visited 1 branch of the dungeon, and saw 3 of its levels.

You collected 81 gold pieces.

Inventory:

Hand Weapons
 a - a +0 long sword
 i - a +2 mace of holy wrath (weapon)
Missiles
 d - 3 throwing nets (quivered)
Armour
 c - a +0 helmet (worn)
 g - a +0 ring mail (worn)
 k - a +0 kite shield
Jewellery
 m - a +6 ring of strength (left hand)
Wands
 l - a wand of flame (20)
Scrolls
 b - a scroll of amnesia {unknown}
 e - a scroll of teleportation {unknown}
 j - 2 scrolls of fog {unknown}
 n - a scroll of enchant weapon {unknown}
 o - a scroll of silence {unknown}
Potions
 h - a potion of haste


   Skills:
 * Level 3.9 Fighting
 * Level 4.7 Long Blades
 - Level 2.0 Throwing
 - Level 3.2 Dodging


You had 2 spell levels left.
You didn't know any spells.
Your spell library contained the following spells:

 Spells                   Type           Power      Damage    Failure   Level
 Animate Skeleton         Necr           0%         N/A       63%         1
 Pain                     Necr           0%         1d4       63%         1
 Vampiric Draining        Necr           0%         2d6       94%         3
 Animate Dead             Necr           0%         N/A       100%        4
 Agony                    Necr           0%         N/A       100%        5


Dungeon Overview and Level Annotations

Branches:
Dungeon (3/15)

Altars:


Innate Abilities, Weirdness & Mutations

You have an extended range of vision and can be seen from far away.
You are amphibious.
You cover ground slowly.
You can hop short distances.


Message History

The orc hits you with a +0 dagger.
You completely miss the adder.
The adder is lightly wounded.
The adder barely misses you. The orc closely misses you.
The adder closely misses you.
You barely miss the orc wizard.
The orc wizard is moderately wounded.
The orc wizard hits you but does no damage.
The orc hits you but does no damage. The adder misses you.
The orc wizard hits you with a +2 dagger of electrocution.
You hit the orc wizard.
The orc wizard is moderately wounded.
The adder bites you. The orc hits you but does no damage.
The adder bites you but does no damage.
The orc wizard points at itself and mumbles some strange words.
The orc wizard flickers and vanishes!
Deactivating autopickup; reactivate with Ctrl-A.
The orc hits you but does no damage. The adder bites you but does no damage.
The adder barely misses you.
You hear some strange, mumbled words.
A puff of flame appears from out of thin air!
The puff of flame hits you.
There is an open door here.
You closely miss something. Something hits you but does no damage.
You closely miss something. Something hits you.
You are electrocuted!
* * * LOW HITPOINT WARNING * * *
You closely miss something.
You hear some strange, mumbled words.
Something tries to affect you, but you resist.
It was a potion of haste.
You feel yourself speed up.
It was a potion of might.
You feel very mighty all of a sudden.
It was a potion of degeneration.
There was something very wrong with that liquid.
You feel weakened.
You feel dopey.
You feel clumsy.
It was a potion of magic.
Magic courses through your body. The orc hits you with a +0 dagger.
* * * LOW HITPOINT WARNING * * *
The adder bites you.
You die...

.# #.# .# #.## .#
#..# .# ##.## ##
#..# #
########.### # #
...........# .. #
...........# ...
# .........@o#
.... #
#########S##
..... # #..#
...... #
##.#....... #
#)........ #
........).###+###
...........#
...?.......#
##########.#


You could see an adder and an orc.

Vanquished Creatures
  An adder (D:2)
  A worm (D:2)
  A dart slug (D:2)
  An orc (D:3)
  A bat (D:1)
  7 endoplasms
  3 giant cockroaches (D:2)
  5 goblins
  2 hobgoblins (D:1)
  2 kobolds
  4 ball pythons
  3 frilled lizards
  6 rats
37 creatures vanquished.

Vanquished Creatures (others)
  3 plants (D:2)
3 creatures vanquished.

Grand Total: 40 creatures vanquished

Notes
Turn   | Place    | Note
-------+----------+-------------------------------------------
     0 | D:1      | rageheart7 the Barachi Gladiator began the quest for the
                  | Orb.
     0 | D:1      | Reached XP level 1. HP: 17/17 MP: 1/1
   175 | D:1      | Found a faded altar of an unknown god.
   217 | D:1      | Reached skill level 4 in Long Blades
   217 | D:1      | Reached XP level 2. HP: 23/23 MP: 2/2
   869 | D:2      | Reached XP level 3. HP: 26/29 MP: 3/3
  1557 | D:3      | HP: 1/30 [orc/+0 dagger (2)]
  1557 | D:3      | Slain by an adder

Illustrated notes

Levels and vault maps discovered:
D:1:      heliophobic_arrival_dark_side_of_the_moon, layout_rooms,
          shapermc_ecumenical_altar_mp_ritualfount, st_stairs_10
D:2:      layout_rooms, minmay_misc_feat_ornament, serial_bayou_lake_a
D:3:      layout_basic, dk_yredelemnul_ordeal

Skill      XL: |  1  2 |
---------------+-------+-----
Long Blades    | 4 |  4.7
Fighting       | 3 |  3.9
Throwing       | |  2.0
Dodging        | |  3.2

Action                   || total
-------------------------++-------
Melee: Long sword        ||    10
       Mace              ||    77
  Use: Potion            ||     4
Armor: Ring mail         ||    33
       Leather armour    ||     1
Dodge: Dodged            ||    68
       Rpst.: Long sword ||     1

Table legend: (Time is in decaauts)
 A = Elapsed time spent in this place.
 B = Non-inter-level travel time spent in this place.
 C = Inter-level travel time spent in this place.
 D = Time resting spent in this place.
 E = Time spent auto-exploring this place.
 F = Levels seen in this place.
 G = Mean time per level.
                   A        B        C        D        E       F      G
               +--------+--------+--------+--------+--------+-----+--------+
         Total |   1791 |   1747 |     44 |      0 |   1428 |   3 |  597.0 |
       Dungeon |   1791 |   1747 |     44 |      0 |   1428 |   3 |  597.0 |
               +--------+--------+--------+--------+--------+-----+--------+

Top non-repeatable levels by time:
     D:1: 833 daAuts
     D:2: 825 daAuts
     D:3: 132 daAuts
